 Dungeon Crawl Stone Soup version 0.23.1-37-gaa34b87b72 (webtiles) character file.

Game seed: 13256862299389206986

116 PikkenKukken the Sneak (level 5, -1/34 HPs)
             Began as an Octopode Wizard on Mar 20, 2019.
             Slain by an ice beast (13 damage)
             ... on level 5 of the Dungeon.
             The game lasted 00:11:11 (2959 turns).

PikkenKukken the Sneak (Octopode Wizard)            Turns: 2959, Time: 00:11:12

Health: -1/34      AC:  2    Str:  6    XL:     5   Next: 1%
Magic:  4/9        EV: 14    Int: 21    God:
Gold:   148        SH:  0    Dex: 11    Spells: 4/10 levels left

rFire    . . .     SeeInvis .   d - +0 spear
rCold    . . .     Gourm    .   (no shield)
rNeg     . . .     Faith    .   a - +1 hat
rPois    .         Spirit   .   (no amulet)
rElec    .         Reflect  .   (no ring)
rCorr    .         Harm     .   (no ring)
MR       .....                  (no ring)
Stlth    ++++......             (no ring)
HPRegen  0.11/turn              (no ring)
MPRegen  0.11/turn              (no ring)
                                (no ring)
                                (no ring)

@: very slightly contaminated
A: almost no armour, stealthy swim, amphibious, 8 rings, constrict 8, camouflage
1, gelatinous body 1
a: no special abilities


You were on level 5 of the Dungeon.
You were not hungry.

You visited 1 branch of the dungeon, and saw 4 of its levels.

You collected 148 gold pieces.

Inventory:

Hand Weapons
 b - a +1 dagger of holy wrath
 d - a +0 spear (weapon)
Missiles
 e - 55 arrows
Armour
 a - a +1 hat (worn)
Jewellery
 f - an uncursed ring of magical power
Scrolls
 g - 3 scrolls of identify
 i - a scroll of teleportation {unknown}
Comestibles
 c - 4 rations


   Skills:
 + Level 2.3 Fighting
 + Level 0.9 Polearms
 + Level 3.1 Dodging
 + Level 4.4 Stealth
 - Level 3.0 Spellcasting
 - Level 1.0 Conjurations
 - Level 1.0 Summonings
 - Level 1.0 Translocations


You had 4 spell levels left.
You knew the following spells:

 Your Spells              Type           Power        Failure   Level  Hunger
a - Magic Dart            Conj           #...         9%          1    None
b - Blink                 Tloc           N/A          13%         2    ##.....
c - Call Imp              Summ           #.......     13%         2    ##.....
d - Animate Skeleton      Necr           N/A          13%         1    None

Your spell library contained the following spells:

 Spells                   Type           Power        Failure   Level  Hunger
 Pain                     Necr           #...         13%         1    None
 Slow                     Hex            #.......     21%         2    ##.....
 Conjure Flame            Conj/Fire      #.......     32%         3    ###....
 Mephitic Cloud           Conj/Pois/Air  #.......     34%         3    ###....
 Regeneration             Chrm/Necr      #.........   36%         3    ###....
 Vampiric Draining        Necr           #.........   36%         3    ###....
 Animate Dead             Necr           N/A          78%         4    ####...


Dungeon Overview and Level Annotations

Branches:
Dungeon (5/15)
 Temple: D:4-7

Altars:

Annotations:
D:5 1 transporter


Innate Abilities, Weirdness & Mutations

You cannot wear most types of armour.
You are very stealthy in the water. (Stealth+)
You are amphibious.
You can wear up to eight rings at the same time.
You can use your tentacles to constrict eight enemies at once.
Your skin changes colour to match your surroundings (Stealth+).
Your rubbery body absorbs attacks. (AC +1, EV +1)


Message History

Press: ? - help, Dir - move target cursor, f/p - ice beast
Aim: an ice beast (lightly wounded)
You reach to attack!
You hit the ice beast.
The ice beast is lightly wounded.
Your white imp disappears in a puff of smoke!
Unknown command.
You hit the ice beast but do no damage.
The ice beast is lightly wounded.
Your crimson imp disappears in a puff of smoke!
The ice beast hits you but does no damage.
Unknown command.
You closely miss the ice beast.
The ice beast is lightly wounded.
The ice beast barely misses you.
Unknown command.
You closely miss the ice beast.
The ice beast is lightly wounded.
The ice beast hits you. The ice beast freezes you! The ice beast hits you.
The ice beast freezes you!
You die...

..............
..............#
########.......##
;≈≈≈#P8#........#
≈≈≈≈#..#........#
⌠P≈≈+(©#©...###.#
≈≈≈≈#(.#....# #.##
;≈≈≈#P8#....# #..##
########..#.# ##@.#
..........#.# ##Y#
..##......#.......#
#...........####.§.
..........#..#
#....
..####....##.#
#.$... ### ######
...#.....#
....###.. .# #..


You could see an ice beast.

Vanquished Creatures
  2 gnolls
  An adder (D:1)
  2 worms (D:2)
  A dart slug (D:1)
  5 leopard geckos
  2 ball pythons
  A giant cockroach (D:3)
  9 goblins
  4 hobgoblins
  7 jackals
  3 kobolds
  4 quokkas (D:2)
  7 bats
  7 frilled lizards
  2 rats
57 creatures vanquished.

Vanquished Creatures (collateral kills)
  2 adders
  A gnoll (D:2)
  A goblin (D:1)
  A hobgoblin (D:1)
  2 jackals (D:2)
  A frilled lizard (D:1)
8 creatures vanquished.

Grand Total: 65 creatures vanquished

Notes
Turn   | Place    | Note
-------+----------+-------------------------------------------
     0 | D:1      | PikkenKukken the Octopode Wizard began the quest for the
                  | Orb.
     0 | D:1      | Reached XP level 1. HP: 11/11 MP: 4/4
    88 | D:1      | Reached skill level 3 in Stealth
    91 | D:1      | Reached XP level 2. HP: 5/18 MP: 1/6
   329 | D:1      | Learned a level 2 spell: Blink
   332 | D:1      | Learned a level 2 spell: Call Imp
   410 | D:1      | Reached skill level 1 in Fighting
   656 | D:1      | Reached XP level 3. HP: 23/23 MP: 5/7
  1603 | D:1      | Reached skill level 4 in Stealth
  1603 | D:1      | Reached XP level 4. HP: 9/29 MP: 8/8
  2653 | D:3      | Learned a level 1 spell: Animate Skeleton
  2726 | D:3      | You fall through a shaft for 2 floors!
  2726 | D:5      | Entered Level 5 of the Dungeon
  2915 | D:5      | Found a transporter.
  2924 | D:5      | Reached XP level 5. HP: 33/34 MP: 9/9
  2941 | D:5      | Noticed an ice beast
  2959 | D:5      | Slain by an ice beast

Skill      XL: |  1  2  3  4 |
---------------+-------------+-----
Stealth        | 3 4 |  4.4
Fighting       | 1 2 |  2.3
Dodging        | 3 |  3.1
Polearms       | |  0.9
Spellcasting   | |  3.0
Conjurations   | |  1.0
Summonings     | |  1.0
Translocations | |  1.0

Action                   |  1- 3 |  4- 6 || total
-------------------------+-------+-------++-------
Melee: Dagger            |    57 |       ||    57
       Constrict         |    15 |    18 ||    33
       Tentacles         |     7 |     9 ||    16
       Spear             |       |    92 ||    92
 Cast: Magic Dart        |    33 |    15 ||    48
       Call Imp          |     7 |    10 ||    17
       Blink             |     1 |       ||     1
       Animate Skeleton  |       |     2 ||     2
  Use: Scroll            |     1 |     1 ||     2
       Potion            |       |     1 ||     1
 Stab: Sleeping          |     1 |     5 ||     6
  Eat: Chunk             |     1 |     6 ||     7
Armor: Skin              |    12 |     9 ||    21
Dodge: Dodged            |    48 |    64 ||   112
